Cogmind - Beta 12 @@@ ROGUE MODE // 2023.03.15 @ 10:30:23 // Winter2019/RPGLIKE Player: ArabianSandBoa Result: Destroyed by H-66 Slayer with Heavy Assault Rifle Performance ------------- Evolutions (5) 2500 Regions Visited (18) 3600 Robots Destroyed (481) 2405 Value Destroyed (24081) 24081 Prototype IDs (64) 1280 Alien Tech Used (0) 0 Bonus (17184) 17184 TOTAL SCORE: 51050 Bonus ------- Triggered High Security 1500 High Alert Combat Kills 14986 Follower Combat Kills 271 Entered Garrisons 200 Entered DSFs 500 Aligned with FarCom 300 Friendly Fire -573 Cogmind --------- Core Integrity 0/900 Matter 281/300 Energy 480/480 System Corruption 0% Temperature Cool (0) Movement Flying (10) Location -5/DSF Parts ------- > --- POWER (3) -------- Light Antimatter Reactor Light Antimatter Reactor Particle Reactor > --- PROPULSION (10) -- Improved Cesium-ion Thruster Improved Cesium-ion Thruster Improved Cesium-ion Thruster Improved Cesium-ion Thruster Cooled VTOL Module Cooled VTOL Module Cooled VTOL Module Cooled VTOL Module Cooled VTOL Module Nuclear Pulse Thruster > --- UTILITY (8) ------ Improved Cooling System Advanced Weight Redist. System Advanced Terrain Scanner Weapon Mount Advanced Particle Charger Weapon Cycler Improved Reaction Control System Experimental Thermal Shield > --- WEAPON (3) ------- Longsword +1 > --- INVENTORY (3) ---- Improved Cooling System Encrypted Comm Array Sensor Drone Bay (13/20) Peak State ------------ > --- POWER ------------ Light Antimatter Reactor Light Antimatter Reactor Particle Reactor > --- PROPULSION ------- Improved Cesium-ion Thruster Improved Cesium-ion Thruster Improved Cesium-ion Thruster Improved Cesium-ion Thruster Cooled VTOL Module Cooled VTOL Module Cooled VTOL Module Cooled VTOL Module Cooled VTOL Module Nuclear Pulse Thruster > --- UTILITY ---------- Advanced Heat Sink Advanced Weight Redist. System Advanced Terrain Scanner Weapon Mount Advanced Particle Charger Weapon Cycler Improved Reaction Control System Experimental Thermal Shield > --- WEAPON ----------- Cooled Plasma Cannon Neutron Cannon Longsword +1 > --- INVENTORY -------- Encrypted Comm Array Makeshift System Shield Sensor Drone Bay [Rating: 137] Favorites ----------- Power Light Antimatter Reactor Engine Cooled Deuterium Engine Power Core Enhanced Nuclear Core Reactor Light Antimatter Reactor Propulsion Cooled VTOL Module Leg Aluminum Leg Flight Unit Cooled VTOL Module Utility Microactuators Device Microactuators Processor Armor Integrity Analyzer Hackware Hacking Suite Protection Improved Propulsion Shielding Weapon Longsword +1 Energy Gun Pulse Rifle Energy Cannon Improved EM Pulse Cannon Ballistic Gun Assault Rifle Launcher Long-range Missile Launcher Special Weapon Remote Datajack Impact Weapon Impact Mace Slashing Weapon Longsword +1 Build | -11 -10 -10 -9 -9 -9 -8 -8 -7 -7 -7 -7 -6 -6 -6 -6 -5 -5 -5 ------- Run | Jun Mat Min Mat Min Exi Min Mat Fac Was Fac Gar Fac Low Low Dat Pro Fac DSF Slots Evolved 20 | . . 3 8 . . 1 2 3 . . . 2 . . . 1 . . Power 2 | . . . 1 . . . . . . . . . . . . 1 . . Propulsion 9 | . . 3 3 . . 1 1 . . . . 1 . . . . . . Utility 7 | . . . 2 . . . 1 3 . . . 1 . . . . . . Weapon 2 | . . . 2 . . . . . . . . . . . . . . . Parts Attached 217 | . . 8 35 . 1 2 11 49 2 37 6 40 10 6 5 3 . 2 Power 23 | . . 1 3 . . 1 1 8 . 5 1 2 . . . 1 . . Engine 12 | . . 1 3 . . . . 4 . 4 . . . . . . . . Core 7 | . . . . . . 1 1 4 . 1 . . . . . . . . Reactor 4 | . . . . . . . . . . . 1 2 . . . 1 . . Propulsion 43 | . . 4 9 . . 1 1 5 1 12 1 8 . . . . . 1 Treads . | . . . . . . . . . . . . . . . . . . . Leg . | . . . . . . . . . . . . . . . . . . . Wheel . | . . . . . . . . . . . . . . . . . . . Hover . | . . . . . . . . . . . . . . . . . . . Flight 43 | . . 4 9 . . 1 1 5 1 12 1 8 . . . . . 1 Utility 80 | . . 3 5 . . . 8 17 . 16 2 8 9 6 3 2 . 1 Device 49 | . . 3 1 . . . 1 6 . 10 2 7 8 5 3 2 . 1 Storage . | . . . . . . . . . . . . . . . . . . . Processor 9 | . . . . . . . 3 4 . . . 1 . 1 . . . . Hackware 8 | . . . . . . . . 3 . 4 . . 1 . . . . . Protection 14 | . . . 4 . . . 4 4 . 2 . . . . . . . . Artifact . | . . . . . . . . . . . . . . . . . . . Weapon 71 | . . . 18 . 1 . 1 19 1 4 2 22 1 . 2 . . . Energy Gun 21 | . . . 11 . . . . 8 . 1 . 1 . . . . . . Energy Cannon 18 | . . . . . . . . 1 . 2 1 11 1 . 2 . . . Ballistic Gun 7 | . . . . . . . . 6 . . . 1 . . . . . . Ballistic Cannon . | . . . . . . . . . . . . . . . . . . . Launcher 21 | . . . 7 . . . 1 1 1 1 1 9 . . . . . . Special Weapon 1 | . . . . . . . . 1 . . . . . . . . . . Impact Weapon 1 | . . . . . . . . 1 . . . . . . . . . . Slashing Weapon 2 | . . . . . 1 . . 1 . . . . . . . . . . Piercing Weapon . | . . . . . . . . . . . . . . . . . . . Special Melee Weapon . | . . . . . . . . . . . . . . . . . . . Unidentified Prototypes 27 | . . 2 5 . . . . 12 2 . . 3 . 1 2 . . . Parts Lost 11 | . . . 1 . . . 2 1 . 6 . . . . 1 . . . Power 1 | . . . . . . . . . . 1 . . . . . . . . Propulsion 2 | . . . . . . . . . . 2 . . . . . . . . Utility 5 | . . . . . . . 1 1 . 3 . . . . . . . . Weapon 3 | . . . 1 . . . 1 . . . . . . . 1 . . . Highest Loss Streak 3 | . . . 1 . . . 1 1 . 3 . . . . 1 . . . To Critical Strikes . | . . . . . . . . . . . . . . . . . . . Average Slot Usage (%) 94 | . 75 85 96 100 100 100 98 96 98 94 93 93 94 90 91 96 . 93 Engine 5 | . 25 15 13 13 13 7 5 3 4 3 6 2 . . . . . . Core 2 | . . . . . . 4 5 5 4 4 . . . . . . . . Reactor 2 | . . . . . . . . . . . 1 5 8 8 8 11 . 12 Flight 43 | . . 36 48 46 46 48 50 43 42 41 42 41 43 43 43 41 . 41 Device 13 | . . 12 6 6 6 6 2 7 9 11 18 24 26 20 25 33 . 33 Processor 6 | . . . . . . . 5 15 14 10 9 7 3 . . . . . Hackware 2 | . . . . . . . . 3 9 8 . . . 4 4 . . . Protection 4 | . . . 10 13 13 12 11 3 . 1 4 . . . . . . . Energy Gun 3 | . . . 11 20 17 12 5 2 4 . . . . . . . . . Energy Cannon 1 | . . . . . . . . . . 3 2 1 3 4 4 4 . 2 Ballistic Gun 1 | . 25 20 . . . . . 1 . . . . . . . . . . Launcher 1 | . . . 4 . . . 4 1 3 . . 2 4 4 . . . . Slashing Weapon 3 | . . . . . 2 6 5 4 4 4 4 4 4 4 4 4 . 4 Naked Turns . | . . . . . . . . . . . . . . . . . . . Heaviest Build 70 | 7 7 7 30 29 29 29 41 44 34 43 50 66 68 64 61 70 70 70 Greatest Support 74 | 10 10 16 34 34 34 38 42 47 47 58 58 69 65 65 65 74 74 74 Greatest Overweight (x) 4 | . . . . . . . . . . . 1 4 1 . . . . . Average Overweight (x) . | . . . . . . . . . . . . . . . . . . . Largest Inventory Capacity 3 | . . 2 2 2 2 2 2 2 2 3 3 3 3 3 3 3 3 3 Average Capacity 2 | . . 1 2 2 2 2 2 2 2 2 3 3 3 3 3 3 3 3 Most Carried 3 | . . 2 2 2 2 2 2 2 2 3 3 3 3 3 3 3 3 3 Average Carried 2 | . . . 1 1 1 2 1 1 2 2 2 2 2 2 3 3 3 3 Final Capacity 3 | . . 2 2 2 2 2 2 2 2 3 3 3 3 3 3 3 3 3 Final Carried 3 | . . 2 2 2 2 2 2 2 2 3 3 3 3 3 3 3 3 3 Class Distribution -------------------- 46% | Sprinter 15% | Scavenger-Sprinter 12% | Hacker-Sprinter 12% | Mutant 7% | Scout 5% | Scavenger-Scout Dominant Class ---------------- Mutant | -10/Materials Mutant | -10/Mines Sprinter | -9/Materials Sprinter | -9/Mines Sprinter | -9/Exiles Sprinter | -8/Mines Sprinter | -8/Materials Sprinter | -7/Factory Hacker-Sprinter | -7/Waste Hacker-Sprinter | -7/Factory Sprinter | -7/Garrison Sprinter | -6/Factory Mutant | -6/Lower Caves Scout | -6/Lower Caves Scavenger-Scout | -6/Data Miner Scavenger-Scout | -5/Proximity Caves Scavenger-Scout | -5/Factory Scavenger-Scout | -5/DSF Resources | -11 -10 -10 -9 -9 -9 -8 -8 -7 -7 -7 -7 -6 -6 -6 -6 -5 -5 -5 ----------- Run | Jun Mat Min Mat Min Exi Min Mat Fac Was Fac Gar Fac Low Low Dat Pro Fac DSF Matter Collected 5459 | 200 . 184 1042 . . 30 378 662 . 587 130 1675 79 411 50 30 . 1 Remotely . | . . . . . . . . . . . . . . . . . . . Salvage Created 16684 | . . 141 1505 213 . 422 2863 2387 . 2730 1996 2796 168 425 128 755 17 138 Parts 1041 | . . 14 112 17 . 33 170 159 . 193 101 144 2 16 17 52 2 9 Haulers Intercepted 15 | . . . 4 . . . 3 4 . 4 . . . . . . . . Recyclers Shooed 2 | . . . . . . . . 1 . 1 . . . . . . . . Parts Field Recycled . | . . . . . . . . . . . . . . . . . . . Retrieved Matter . | . . . . . . . . . . . . . . . . . . . Parts Self-Destructed 69 | . . . . . . . . . . . . . . 17 . 52 . . Prevented . | . . . . . . . . . . . . . . . . . . . Kills | -11 -10 -10 -9 -9 -9 -8 -8 -7 -7 -7 -7 -6 -6 -6 -6 -5 -5 -5 ------- Run | Jun Mat Min Mat Min Exi Min Mat Fac Was Fac Gar Fac Low Low Dat Pro Fac DSF Combat Hostiles Destroyed 418 | . . 8 53 11 . 14 76 45 . 54 44 82 . 7 4 19 . 1 Melee 232 | . . . . . . 14 52 39 . 37 44 15 . 7 4 19 . 1 Guns 48 | . . 8 28 11 . . . 1 . . . . . . . . . . Cannons 5 | . . . . . . . . . . 1 . 4 . . . . . . AOE 130 | . . . 23 . . . 24 5 . 16 . 62 . . . . . . Classes Destroyed 24 | . . 4 7 . . 2 4 1 . . 2 3 . 1 . . . . Worker 26 | . . . 1 . . 1 2 6 . 12 . 3 . . . . 1 . Builder 11 | . . 1 1 . . . . 3 . 6 . . . . . . . . Tunneler 8 | . . . 2 . . 3 . 2 . 1 . . . . . . . . Hauler 15 | . . . 4 . . . 3 4 . 4 . . . . . . . . Recycler 4 | . . . . . . 1 1 1 . 1 . . . . . . . . Mechanic 4 | . . . 1 . . . . . . . . 3 . . . . . . Operator 8 | . . . . . . . 3 1 . 2 . 2 . . . . . . Drone 1 | . . . . . . . . . . . . 1 . . . . . . Watcher 27 | . . . 5 . . . 2 6 . 6 . 8 . . . . . . Swarmer 75 | . . 5 7 4 . 11 10 3 . 5 14 6 . . . 10 . . Cutter 4 | . . . . . . . . . . . 4 . . . . . . . Saboteur 2 | . . . . . . . . . . . . 2 . . . . . . Grunt 194 | . . 2 35 6 . 2 38 23 . 34 15 29 . 4 . 6 . . Brawler 7 | . . . . . . . 1 3 . 1 . 2 . . . . . . Duelist 15 | . . . 3 . . . 4 3 . 1 . 3 . 1 . . . . Protector 10 | . . . . . . . 2 2 . . . 6 . . . . . . Sentry 62 | . . . 8 1 . . 19 7 . 9 7 9 . . . 2 . . Specialist 2 | . . . . . . . . . . . 2 . . . . . . . Hunter 14 | . . . . . . 1 1 . . 1 . 10 . 1 . . . . Programmer 23 | . . . . . . . . 4 . 3 2 14 . . . . . . Heavy 2 | . . . . . . . 1 . . . . . . . . . . 1 Behemoth 2 | . . . . . . . . . . . . 1 . . . 1 . . Enhanced Grunt 4 | . . . . . . . . . . . . . . . 4 . . . Assembled 1 | . . 1 . . . . . . . . . . . . . . . . Thug 1 | . . . . 1 . . . . . . . . . . . . . . Mutant 1 | . . . . . . . . . . . . . . 1 . . . . Best Kill Streak 21 | . . 3 13 6 . 6 15 10 . 13 10 21 . 3 4 12 1 1 Combat Bots Only 19 | . . 3 9 6 . 4 13 4 . 8 10 19 . 3 4 12 . 1 Max Kills in Single Turn 8 | . . 1 5 3 . 1 3 8 . 4 1 4 . 1 1 1 1 1 Gunslinging 2 | . . . 1 2 . . . . . . . . . . . . . . Exploded 4 | . . . 4 . . . 3 4 . 4 . 4 . . . . . . Melee 1 | . . . . . . 1 1 1 . 1 1 1 . 1 1 1 . 1 Uniques/NPCs Destroyed . | . . . . . . . . . . . . . . . . . . . Combat | -11 -10 -10 -9 -9 -9 -8 -8 -7 -7 -7 -7 -6 -6 -6 -6 -5 -5 -5 -------- Run | Jun Mat Min Mat Min Exi Min Mat Fac Was Fac Gar Fac Low Low Dat Pro Fac DSF Damage Taken 13239 | . 11 630 1365 149 . 160 2303 1178 . 2383 750 1656 . 123 981 647 . 903 Core 10111 | . 8 542 1013 96 . 99 1486 933 . 1957 533 1305 . 103 786 510 . 740 Absorbed by Shields 15 | . . . . . . . . . . 8 7 . . . . . . . Redirected to Core 8047 | . 8 288 704 49 . 99 1220 735 . 1397 487 1158 . 68 739 471 . 624 Redirected to Shielding 411 | . . . 132 37 . 28 214 . . . . . . . . . . . Regen/Repaired (Parts) 17 | . . . . . . . . . . 17 . . . . . . . . Core Remaining (%) 88 | 100 . 54 . . . 100 100 . . . 100 . . . . 76 . . Volleys Fired 512 | . . 53 140 27 . . 29 61 . 31 10 157 3 . 1 . . . Largest 3 | . . 1 3 3 . . 1 1 . 1 1 2 1 . 1 . . . Hottest 189 | . . 20 189 189 . . 36 75 . 69 69 148 35 . 35 . . . Shots Fired 643 | . . 53 214 81 . . 29 60 . 34 10 158 3 . 1 . . . Gun 351 | . . 53 157 81 . . . 60 . . . . . . . . . . Cannon 113 | . . . . . . . . . . 27 9 73 3 . 1 . . . Launcher 179 | . . . 57 . . . 29 . . 7 1 85 . . . . . . Special . | . . . . . . . . . . . . . . . . . . . Kinetic 74 | . . 53 . . . . . 21 . . . . . . . . . . Thermal 300 | . . . 157 81 . . . 18 . . . 40 3 . 1 . . . Explosive 179 | . . . 57 . . . 29 . . 7 1 85 . . . . . . Electromagnetic 90 | . . . . . . . . 21 . 27 9 33 . . . . . . Robot Hit Streak 48 | . . 12 22 13 . . 9 8 . 4 . 48 . . . . . . Robot Miss Streak 4 | . . 3 4 2 . . 1 3 . 1 . 1 . . . . . . Penetration Max . | . . . . . . . . . . . . . . . . . . . Secondary Targets 8 | . . . 5 3 . . . . . . . . . . . . . . Max Gunslinging Chain 2 | . . . 1 2 . . . . . . . . . . . . . . Shots Hit Robots 927 | . . 35 122 39 . 30 151 125 . 133 83 113 5 15 20 37 1 18 Core Hits 708 | . . 12 92 18 . 13 109 90 . 105 40 185 2 8 10 20 . 4 Critical Kills . | . . . . . . . . . . . . . . . . . . . Critical Parts Destroyed . | . . . . . . . . . . . . . . . . . . . Critical Strikes 71 | . . . 5 1 . 1 17 10 . 11 11 7 . 2 2 4 . . Burn 6 | . . . 5 1 . . . . . . . . . . . . . . Corrupt 2 | . . . . . . . . . . 1 . 1 . . . . . . Sever 63 | . . . . . . 1 17 10 . 10 11 6 . 2 2 4 . . Melee Attacks 1112 | . . . . . . 42 195 219 . 225 212 103 5 17 28 42 2 22 Impact . | . . . . . . . . . . . . . . . . . . . Slashing 1112 | . . . . . . 42 195 219 . 225 212 103 5 17 28 42 2 22 Piercing . | . . . . . . . . . . . . . . . . . . . Sneak Attacks 65 | . . . . . . 5 6 17 . 23 1 5 . 2 1 3 1 1 Combat Hostiles 21 | . . . . . . . 2 4 . 4 1 4 . 2 . 3 . 1 Follow-up Attacks . | . . . . . . . . . . . . . . . . . . . Damage Inflicted 64657 | . . 462 4719 762 . 1963 10975 8795 . 10257 5584 15502 440 958 1185 2426 91 538 Guns 3316 | . . 462 1973 762 . . . 119 . . . . . . . . . . Cannons 760 | . . . . . . . . . . 122 . 638 . . . . . . Explosions 20700 | . . . 2746 . . . 3100 1298 . 2417 . 11139 . . . . . . Melee 39881 | . . . . . . 1963 7875 7378 . 7718 5584 3725 440 958 1185 2426 91 538 Ramming . | . . . . . . . . . . . . . . . . . . . Kinetic 462 | . . 462 . . . . . . . . . . . . . . . . Thermal 5779 | . . . 1973 762 . . 107 341 . 1206 . 1390 . . . . . . Explosive 17618 | . . . 2746 . . . 2993 790 . 906 . 10183 . . . . . . Electromagnetic 917 | . . . . . . . . 286 . 427 . 204 . . . . . . Impact . | . . . . . . . . . . . . . . . . . . . Slashing 39881 | . . . . . . 1963 7875 7378 . 7718 5584 3725 440 958 1185 2426 91 538 Piercing . | . . . . . . . . . . . . . . . . . . . Highest Corruption 11 | . . . . . . . . 1 9 11 6 2 2 . . . . . Average Corruption 5 | . . . . . . . . 1 6 9 4 1 1 . . . . . Corruption Purged 11 | . . . . . . . . . . 5 2 2 2 . . . . . Corruption Blocked . | . . . . . . . . . . . . . . . . . . . Effects 80 | . . . . . . . . 8 1 54 14 2 1 . . . . . Message Errors 25 | . . . . . . . . 1 1 17 6 . . . . . . . Matter Fused 18 | . . . . . . . . 1 . 14 3 . . . . . . . Heat Flow Errors 7 | . . . . . . . . 2 . 3 1 1 . . . . . . Energy Discharges 9 | . . . . . . . . . . 7 . 1 1 . . . . . Parts Fused 1 | . . . . . . . . 1 . . . . . . . . . . Data Loss (minor) 4 | . . . . . . . . 1 . 2 1 . . . . . . . Data Loss (major) 6 | . . . . . . . . 1 . 2 3 . . . . . . . Misfires 3 | . . . . . . . . . . 3 . . . . . . . . Alerts 2 | . . . . . . . . . . 2 . . . . . . . . Misdirections 4 | . . . . . . . . . . 4 . . . . . . . . Weapon Failures 1 | . . . . . . . . 1 . . . . . . . . . . Overload Shots 3 | . . . . . . . . . . . . 3 . . . . . . Overflow Damage 4805 | . . . 49 . . 502 592 970 . 1143 363 749 124 118 12 132 51 . Projectiles 25 | . . . . . . . . . . . . 25 . . . . . . Explosions 887 | . . . 49 . . . 197 75 . 273 . 293 . . . . . . Melee 3893 | . . . . . . 502 395 895 . 870 363 431 124 118 12 132 51 . Knockbacks . | . . . . . . . . . . . . . . . . . . . Impact . | . . . . . . . . . . . . . . . . . . . Kinetic . | . . . . . . . . . . . . . . . . . . . Secondary . | . . . . . . . . . . . . . . . . . . . Self-Inflicted Damage 1174 | . . . 38 . . . . 36 . 863 26 211 . . . . . . Shots 23 | . . . 1 . . . . 1 . 16 1 4 . . . . . . Rammed . | . . . . . . . . . . . . . . . . . . . Targets Rammed . | . . . . . . . . . . . . . . . . . . . Kicked . | . . . . . . . . . . . . . . . . . . . Crushed . | . . . . . . . . . . . . . . . . . . . Highest Temperature 634 | . . 20 285 150 . 4 75 634 . 151 255 485 259 269 48 290 66 5 Average Temperature 53 | . . 4 59 45 . 4 23 59 . 12 41 57 87 77 27 93 36 5 Received Heat Transfer 3405 | . 6 279 615 75 . 9 1008 285 . 489 153 234 . 18 . 234 . . Effects 11 | . . . 2 . . . . 9 . . . . . . . . . . Shutdowns 3 | . . . . . . . . 3 . . . . . . . . . . Interference 5 | . . . 2 . . . . 3 . . . . . . . . . . Damage (major) 2 | . . . . . . . . 2 . . . . . . . . . . Damage (core) 1 | . . . . . . . . 1 . . . . . . . . . . Siege Activations . | . . . . . . . . . . . . . . . . . . . Robots Corrupted 1 | . . . . . . . . . . . . 1 . . . . . . Combat Hostiles 1 | . . . . . . . . . . . . 1 . . . . . . Parts Fried 3 | . . . . . . . . . . 2 . 1 . . . . . . Impact Corruptions . | . . . . . . . . . . . . . . . . . . . Robots Melted 2 | . . . 2 . . . . . . . . . . . . . . . Combat Hostiles 2 | . . . 2 . . . . . . . . . . . . . . . Parts Melted 18 | . . . 11 4 . . . . . . . 3 . . . . . . Heat Transferred 8459 | . . . 4592 1591 . . 100 260 . 875 . 1041 . . . . . . Parts Sabotaged . | . . . . . . . . . . . . . . . . . . . Parts Stolen . | . . . . . . . . . . . . . . . . . . . Parts Stripped . | . . . . . . . . . . . . . . . . . . . Power Chain Reactions 4 | . . . . . . . . . . 3 . 1 . . . . . . Missiles Intercepted . | . . . . . . . . . . . . . . . . . . . Alert | -11 -10 -10 -9 -9 -9 -8 -8 -7 -7 -7 -7 -6 -6 -6 -6 -5 -5 -5 ------- Run | Jun Mat Min Mat Min Exi Min Mat Fac Was Fac Gar Fac Low Low Dat Pro Fac DSF Peak Influence 9140 | . . 255 2504 1545 . 505 3268 5403 1841 4639 5169 9140 . . . . 448 345 Initial 3247 | . . . 83 1100 . . 196 1486 1796 1288 3247 2713 . . . . 428 317 Average 2858 | . . 190 1298 1434 . 248 2041 3310 1829 2474 4299 5528 . . . . 439 324 Maximum Alert Level 5 | . . 1 5 4 . 2 5 5 5 5 5 5 . . . . 2 1 Low Security (%) 5 | . 100 41 8 . . 43 . . . . . . . . . . . . Level 1 7 | . . 58 8 . . 32 4 . . . . . . . . . . 100 Level 2 2 | . . . 4 . . 23 6 . . . . . . . . . 100 . Level 3 2 | . . . 11 . . . 8 . . 4 . . . . . . . . Level 4 13 | . . . 37 100 . . 13 2 . 22 . . . . . . . . Level 5 48 | . . . 3 . . . 15 97 100 72 100 32 . . . . . . High Security 19 | . . . 26 . . . 50 . . . . 67 . . . . . . Max Security . | . . . . . . . . . . . . . . . . . . . Sterilizations 2 | . . . 1 . . . 1 . . . . . . . . . . . Squads Dispatched 140 | . 1 . 15 1 . 1 17 35 . 28 . 40 . . . . 1 1 Investigation 59 | . . . 10 . . 1 9 23 . 15 . . . . . . 1 . Extermination 4 | . . . . . . . . 2 . 2 . . . . . . . . Reinforcement 10 | . 1 . . . . . 3 1 . 3 . 1 . . . . . 1 Assault 64 | . . . 5 1 . . 5 8 . 7 . 38 . . . . . . Garrison 3 | . . . . . . . . 1 . 1 . 1 . . . . . . Intercept . | . . . . . . . . . . . . . . . . . . . Searches Triggered . | . . . . . . . . . . . . . . . . . . . Construction Impeded . | . . . . . . . . . . . . . . . . . . . Haulers Reinforced 2 | . . . . . . . . 1 . 1 . . . . . . . . Active Scanning Responses . | . . . . . . . . . . . . . . . . . . . Cargo Convoy Interrupts . | . . . . . . . . . . . . . . . . . . . Stealth | -11 -10 -10 -9 -9 -9 -8 -8 -7 -7 -7 -7 -6 -6 -6 -6 -5 -5 -5 --------- Run | Jun Mat Min Mat Min Exi Min Mat Fac Was Fac Gar Fac Low Low Dat Pro Fac DSF Distress Signals 7 | . . . 2 . . . 2 . . 1 . 2 . . . . . . Communications Jammed . | . . . . . . . . . . . . . . . . . . . Distress Signals . | . . . . . . . . . . . . . . . . . . . Times Spotted 646 | . 5 19 70 13 . 15 115 94 6 84 47 131 . 7 4 34 . 2 Peak Tracking Total 22 | . 4 7 11 4 . 4 16 11 6 12 6 22 . 2 4 11 . 2 Tactical Retreats 70 | . . 5 3 . . 1 8 14 . 8 1 24 . . . 6 . . Traps | -11 -10 -10 -9 -9 -9 -8 -8 -7 -7 -7 -7 -6 -6 -6 -6 -5 -5 -5 ------- Run | Jun Mat Min Mat Min Exi Min Mat Fac Was Fac Gar Fac Low Low Dat Pro Fac DSF Traps Triggered 24 | . . . . . . . . 4 . 9 6 5 . . . . . . Indirectly 5 | . . . . . . . . 1 . 4 . . . . . . . . Trap Hack Attempts . | . . . . . . . . . . . . . . . . . . . Triggered . | . . . . . . . . . . . . . . . . . . . Disarmed . | . . . . . . . . . . . . . . . . . . . Reprogrammed . | . . . . . . . . . . . . . . . . . . . Reused . | . . . . . . . . . . . . . . . . . . . Traps Extracted . | . . . . . . . . . . . . . . . . . . . Installed 1 | . . . . . . . . . . . 1 . . . . . . . Triggered 2 | . . . . . . . . 2 . . . . . . . . . . Machines | -11 -10 -10 -9 -9 -9 -8 -8 -7 -7 -7 -7 -6 -6 -6 -6 -5 -5 -5 ---------- Run | Jun Mat Min Mat Min Exi Min Mat Fac Was Fac Gar Fac Low Low Dat Pro Fac DSF Machines Disabled 464 | . . 2 31 12 . 8 35 100 . 100 16 155 1 2 . 1 1 . Max in Single Turn 18 | . . 1 2 3 . 1 2 18 . 10 2 7 1 1 . 1 1 . Garrison Access 7 | . . . . . . . . 2 . 2 . 3 . . . . . . Garrison Relay 5 | . . . . . . . . . . . 5 . . . . . . . Phase Generator 1 | . . . . . . . . . . . 1 . . . . . . . Machines Repaired 6 | . . . 3 . . . 3 . . . . . . . . . . . Machines Sabotaged . | . . . . . . . . . . . . . . . . . . . Overloaded Fab Kills . | . . . . . . . . . . . . . . . . . . . Hacking | -11 -10 -10 -9 -9 -9 -8 -8 -7 -7 -7 -7 -6 -6 -6 -6 -5 -5 -5 --------- Run | Jun Mat Min Mat Min Exi Min Mat Fac Was Fac Gar Fac Low Low Dat Pro Fac DSF Machines Accessed 89 | . . 1 9 . 1 1 9 33 . 26 2 2 1 1 . 1 2 . Terminals 53 | . . . 8 . . 1 6 18 . 12 2 2 1 . . 1 2 . Fabricators 9 | . . . . . . . . 5 . 4 . . . . . . . . Repair Stations 1 | . . . . . . . . . . 1 . . . . . . . . Recycling Units 13 | . . . 1 . . . 1 6 . 5 . . . . . . . . Scanalyzers 9 | . . . . . . . 2 4 . 3 . . . . . . . . Garrison Access 1 | . . . . . . . . . . 1 . . . . . . . . Total Hacks 229 | . . 1 14 . 1 1 15 90 . 90 4 3 1 1 . 4 4 . Successful 125 | . . 1 8 . 1 1 10 41 . 52 1 2 1 1 . 4 2 . Failed 103 | . . . 6 . . . 5 49 . 37 3 1 . . . . 2 . Catastrophic 14 | . . . 1 . . . . 9 . 3 . . . . . . 1 . Database Lockouts 1 | . . . . . . . . . . 1 . . . . . . . . Manual 92 | . . . 14 . 1 1 11 37 . 28 . . . . . . . . Terminals 165 | . . . 13 . . 1 12 63 . 60 4 3 1 . . 4 4 . Fabricators 25 | . . . . . . . . 10 . 15 . . . . . . . . Repair Stations 4 | . . . . . . . . . . 4 . . . . . . . . Recycling Units 21 | . . . 1 . . . 1 13 . 6 . . . . . . . . Scanalyzers 10 | . . . . . . . 2 4 . 4 . . . . . . . . Garrison Access 1 | . . . . . . . . . . 1 . . . . . . . . Terminal Hacks 69 | . . 1 . . 1 . 2 22 . 32 1 2 1 1 . 4 2 . Record 15 | . . . . . . . . 1 . 9 . . 1 . . 4 . . Part Schematic 4 | . . . . . . . . 3 . 1 . . . . . . . . Robot Analysis 5 | . . . . . . . . 3 . 2 . . . . . . . . Prototype ID Bank 6 | . . . . . . . 1 3 . 2 . . . . . . . . Open Door 3 | . . 1 . . . . . . . . 1 . . 1 . . . . Open DSF 3 | . . . . . . . . 1 . . . 1 . . . . 1 . Level Access Points 1 | . . . . . . . . 1 . . . . . . . . . . Branch Access Points 3 | . . . . . . . . 1 . 1 . . . . . . 1 . Emergency Access Points 7 | . . . . . . . 1 3 . 3 . . . . . . . . Machine Index 1 | . . . . . . . . 1 . . . . . . . . . . Terminal Index 1 | . . . . . . . . 1 . . . . . . . . . . Garrison Index 1 | . . . . . . . . 1 . . . . . . . . . . Alert Level 2 | . . . . . . . . 1 . 1 . . . . . . . . Unreport Threat 7 | . . . . . . . . 2 . 5 . . . . . . . . Transport Status 1 | . . . . . . . . . . 1 . . . . . . . . Hauler Manifests 2 | . . . . . . . . . . 2 . . . . . . . . Registered Components 1 | . . . . . . . . . . 1 . . . . . . . . Zone Layout 5 | . . . . . . . . . . 4 . 1 . . . . . . EX-Prototype ID Bank 1 | . . . . . 1 . . . . . . . . . . . . . Fabricator Hacks . | . . . . . . . . . . . . . . . . . . . Repair Station Hacks 2 | . . . . . . . . . . 2 . . . . . . . . Scan Component 1 | . . . . . . . . . . 1 . . . . . . . . Repair 1 | . . . . . . . . . . 1 . . . . . . . . Recycling Unit Hacks 2 | . . . . . . . . 1 . 1 . . . . . . . . Report Inventory 2 | . . . . . . . . 1 . 1 . . . . . . . . Scanalyzer . | . . . . . . . . . . . . . . . . . . . Garrison Access Hacks 1 | . . . . . . . . . . 1 . . . . . . . . Unlock Access 1 | . . . . . . . . . . 1 . . . . . . . . Unauthorized Hacks 51 | . . . 8 . . 1 8 18 . 16 . . . . . . . . Terminals 19 | . . . 7 . . 1 5 3 . 3 . . . . . . . . Botnet 5 | . . . . . . . . 3 . 2 . . . . . . . . Sabotage 14 | . . . 7 . . 1 5 . . 1 . . . . . . . . Fabricators 12 | . . . . . . . . 6 . 6 . . . . . . . . Report 3 | . . . . . . . . 1 . 2 . . . . . . . . Fabnet 9 | . . . . . . . . 5 . 4 . . . . . . . . Repair Stations . | . . . . . . . . . . . . . . . . . . . Recycling Units 11 | . . . 1 . . . 1 5 . 4 . . . . . . . . Mask 1 | . . . . . . . . 1 . . . . . . . . . . Tunnel 10 | . . . 1 . . . 1 4 . 4 . . . . . . . . Scanalyzers 9 | . . . . . . . 2 4 . 3 . . . . . . . . Extract 9 | . . . . . . . 2 4 . 3 . . . . . . . . Garrison Access . | . . . . . . . . . . . . . . . . . . . Data Cores Recovered 3 | . . . . . . . 2 . . 1 . . . . . . . . Used . | . . . . . . . . . . . . . . . . . . . Hacking Detections 51 | . . . 2 . . . 3 25 . 17 1 1 . . . . 2 . Full Trace Events 24 | . . . 1 . . . 1 14 . 6 1 . . . . . 1 . Feedback Events 4 | . . . . . . . . 1 . 3 . . . . . . . . Hackware Fried 4 | . . . . . . . . 1 . 3 . . . . . . . . Feedback Blocked . | . . . . . . . . . . . . . . . . . . . Robot Schematics Acquired . | . . . . . . . . . . . . . . . . . . . Robots Built . | . . . . . . . . . . . . . . . . . . . Authchips . | . . . . . . . . . . . . . . . . . . . Time . | . . . . . . . . . . . . . . . . . . . Total Robot Build Rating . | . . . . . . . . . . . . . . . . . . . Part Schematics Acquired 44 | . . . . . . . 15 24 . 5 . . . . . . . . Parts Built . | . . . . . . . . . . . . . . . . . . . Authchips . | . . . . . . . . . . . . . . . . . . . Time . | . . . . . . . . . . . . . . . . . . . Total Part Build Rating . | . . . . . . . . . . . . . . . . . . . Parts Repaired 1 | . . . . . . . . . . 1 . . . . . . . . Time 40 | . . . . . . . . . . 40 . . . . . . . . Parts Recycled . | . . . . . . . . . . . . . . . . . . . Recycled Matter . | . . . . . . . . . . . . . . . . . . . Retrieved Matter . | . . . . . . . . . . . . . . . . . . . Retrieved Components . | . . . . . . . . . . . . . . . . . . . Parts Scanalyzed . | . . . . . . . . . . . . . . . . . . . Part Schematics Acquired . | . . . . . . . . . . . . . . . . . . . Parts Damaged . | . . . . . . . . . . . . . . . . . . . Bothacking | -11 -10 -10 -9 -9 -9 -8 -8 -7 -7 -7 -7 -6 -6 -6 -6 -5 -5 -5 ------------ Run | Jun Mat Min Mat Min Exi Min Mat Fac Was Fac Gar Fac Low Low Dat Pro Fac DSF Used RIF Installer . | . . . . . . . . . . . . . . . . . . . Robots Hacked 30 | . . . . . . . . . . . . 28 . 1 . 1 . . Non-combat . | . . . . . . . . . . . . . . . . . . . Combat 30 | . . . . . . . . . . . . 28 . 1 . 1 . . Robot Hacks Applied . | . . . . . . . . . . . . . . . . . . . Relay Couplers Released 13 | . . . . . . . . 2 . 2 7 2 . . . . . . Machine Destruction 10 | . . . . . . . . 1 . 2 5 2 . . . . . . Programmers 3 | . . . . . . . . 1 . . 2 . . . . . . . Fabnet Peak Effective % 15 | . . . . . . . . . . . . 15 15 15 15 8 8 8 Autooverrided 30 | . . . . . . . . . . . . 28 . 1 . 1 . . Robots Rewired 4 | . . . . . . . . . . . 4 . . . . . . . Allies Hacked 1 | . . . . . . . . . . . . 1 . . . . . . Hacks Repelled . | . . . . . . . . . . . . . . . . . . . Allies | -11 -10 -10 -9 -9 -9 -8 -8 -7 -7 -7 -7 -6 -6 -6 -6 -5 -5 -5 -------- Run | Jun Mat Min Mat Min Exi Min Mat Fac Was Fac Gar Fac Low Low Dat Pro Fac DSF Total Allies 36 | . . . . 1 . . . . . . 5 28 . 1 . 1 . . Largest Group 5 | . . . . 1 . . . . . . 5 2 . 1 . 1 . . Highest-Rated Group 175 | . . . . 31 . . . . . . 120 175 . 29 . 12 . . Highest-Rated Ally 90 | . . . . 31 . . . . . . 39 90 . 29 . 12 . . Total Orders 4 | . . . . . . . . . . . . 2 2 . . . . . EXPLORE 3 | . . . . . . . . . . . . 2 1 . . . . . RETURN 1 | . . . . . . . . . . . . . 1 . . . . . Ally Attacks 83 | . . . . . . . . . . . 34 41 . 3 . 5 . . Total Damage 1472 | . . . . . . . . . . . 391 964 . 58 . 59 . . Kills 10 | . . . . . . . . . . . 3 5 . 1 . 1 . . Allies Corrupted 2 | . . . . . . . . . . . 1 1 . . . . . . Allies Melted . | . . . . . . . . . . . . . . . . . . . Intel | -11 -10 -10 -9 -9 -9 -8 -8 -7 -7 -7 -7 -6 -6 -6 -6 -5 -5 -5 ------- Run | Jun Mat Min Mat Min Exi Min Mat Fac Was Fac Gar Fac Low Low Dat Pro Fac DSF Robot Analysis Total 5 | . . . . . . . . 3 . 2 . . . . . . . . Derelict Logs Recovered 8 | . . 1 . 3 . . . . . . . . 2 . . 2 . . Drone Launches 26 | . . . . . . . . . . . . 11 15 . . . . . Drone Recoveries 19 | . . . . . . . . . . . . 6 13 . . . . . Exploration | -11 -10 -10 -9 -9 -9 -8 -8 -7 -7 -7 -7 -6 -6 -6 -6 -5 -5 -5 ------------- Run | Jun Mat Min Mat Min Exi Min Mat Fac Was Fac Gar Fac Low Low Dat Pro Fac DSF Turns Passed 9079 | . 33 514 772 316 49 319 836 1428 40 1346 784 1338 376 398 164 306 9 51 Spaces Moved 15858 | 1 28 582 950 766 208 877 899 2989 119 2553 1204 2874 398 643 140 542 45 40 Core 71 | . . 55 . . . . . . . . . 16 . . . . . . Treads . | . . . . . . . . . . . . . . . . . . . Legs 41 | 1 28 12 . . . . . . . . . . . . . . . . Wheels . | . . . . . . . . . . . . . . . . . . . Hover . | . . . . . . . . . . . . . . . . . . . Flight 15746 | . . 515 950 766 208 877 899 2989 119 2553 1204 2858 398 643 140 542 45 40 Fastest Speed 5 | 120 120 31 19 19 19 16 13 12 12 5 5 5 10 10 10 10 10 10 Average Speed 15 | 120 120 39 24 19 19 17 13 12 14 12 14 16 11 10 10 10 10 10 Slowest Speed 295 | 120 120 120 31 19 19 19 16 13 15 15 74 295 74 10 10 10 10 11 Overloaded Moves 265 | . . . . . . . . . . 25 55 185 . . . . . . Propulsion Burnouts . | . . . . . . . . . . . . . . . . . . . Robots Hopped 46 | . . 5 6 5 . 3 9 7 . 7 . 4 . . . . . . Cave-ins Triggered 1 | . . . . . . . . . . 1 . . . . . . . . Exploration Rate (%) 68 | 1 10 91 74 99 62 96 63 81 84 67 93 89 90 87 82 73 2 66 Regions Visited 18 Branch Regions 8 Pre-discovered Areas 13 | . . . 1 2 . . 1 4 . 4 . . 1 . . . . . Known Exits Taken 5 | . . . . . . . . . . 1 . 1 1 . . 1 1 . Unknown Exits Taken 10 | 1 1 1 1 1 1 1 1 . . . . . . 1 1 . . . Scrap Searched 14 | . . 2 . 1 . 1 . . . . . . 4 2 . 4 . . Spaces Dug 303 | . . . . . . . 23 42 . 67 78 82 2 . 1 4 . 4 Terrain Destroyed 2893 | . . . 501 . . . 241 168 . 577 152 1243 2 . 1 4 . 4 Melee 210 | . . . . . . . 23 42 . 42 78 16 . . 1 4 . 4 Projectile 9 | . . . . . . . . . . . . 7 2 . . . . . AOE 2674 | . . . 501 . . . 218 126 . 535 74 1220 . . . . . . Terrain Rammed . | . . . . . . . . . . . . . . . . . . . Walls Destroyed . | . . . . . . . . . . . . . . . . . . . Machines Disabled . | . . . . . . . . . . . . . . . . . . . Actions | -11 -10 -10 -9 -9 -9 -8 -8 -7 -7 -7 -7 -6 -6 -6 -6 -5 -5 -5 --------- Run | Jun Mat Min Mat Min Exi Min Mat Fac Was Fac Gar Fac Low Low Dat Pro Fac DSF Total 21115 | . 27 802 1281 871 216 1000 1376 3826 141 3441 1765 3570 715 964 258 751 46 65 Wait 2602 | . . 147 89 59 6 65 162 403 17 450 194 275 288 265 51 131 . . Move 15752 | . 27 572 938 755 207 870 882 2976 118 2537 1201 2866 397 642 139 541 44 40 Hop 40 | . . 4 5 5 . 3 7 6 . 7 . 3 . . . . . . Pick Up 50 | . . 2 3 3 1 . 7 9 1 10 3 5 1 4 . 1 . . Fast Attach 121 | . . 6 15 . . 2 8 34 2 21 1 16 4 3 5 2 . 2 Attach 29 | . . . 2 . . . 3 5 . 3 2 10 1 3 . . . . Detach 18 | . . . 1 . . . 2 2 . 2 2 9 . . . . . . Swap 68 | . . 2 19 . 1 . . 10 . 13 3 14 5 . . 1 . . Drop 152 | . . 2 16 3 1 1 14 40 3 28 3 23 4 7 2 4 . 1 Fire 512 | . . 53 140 27 . . 29 61 . 31 10 157 3 . 1 . . . Melee 1112 | . . . . . . 42 195 219 . 225 212 103 5 17 28 42 2 22 Ram . | . . . . . . . . . . . . . . . . . . . Kick . | . . . . . . . . . . . . . . . . . . . Crush . | . . . . . . . . . . . . . . . . . . . Escape Stasis 100 | . . . . . . . . . . 22 44 34 . . . . . . Rewire 42 | . . . . . . . . . . . 42 . . . . . . . Trap 1 | . . . . . . . . . . . 1 . . . . . . . Miscellaneous 516 | . . 14 53 19 . 17 67 61 . 92 47 55 7 23 32 29 . . Route ------- -11/Junkyard -10/Materials -10/Mines (discovered 2 exits: *Mat x2) -9/Materials (discovered 3 exits: *Mat / [*Min x2]) -9/Mines (discovered 4 exits: *Mat x2 / *Exi / [*Zio]) -9/Exiles -8/Mines (discovered 2 exits: *Mat x2) -8/Materials (discovered 3 exits: *Fac / *Sto x2) -7/Factory (discovered 6 exits: *Fac x4 / *Low x2) -7/Waste -7/Factory (discovered 6 exits: *Fac x3 / *Low x2 / Gar) -7/Garrison (discovered 3 exits: *Fac x3) -6/Factory (discovered 5 exits: *Fac x3 / *Low x2) -6/Lower Caves -6/Lower Caves (discovered 2 exits: *Fac / [*Dat]) -6/Data Miner -5/Proximity Caves -5/Factory (discovered 3 exits: Upp x2 / DSF) -5/DSF History --------- Turn | Location | Event 1 | -11/Junkyard | Discovered new exit (range 0) 1 | -11/Junkyard | Entered Materials 16 | -10/Materials | Discovered new exit (range 16) 34 | -10/Materials | Entered Mines 50 | -10/Mines | Discovered new exit (range 11) 96 | -10/Mines | Discovered new exit (range 4) 140 | -10/Mines | Upgraded with Propulsion slot (x1) 200 | -10/Mines | Found a damaged Exp. Sensor Array with a note attached 201 | -10/Mines | Found Prototype Device 201 | -10/Mines | Identified Exp. Sensor Array 236 | -10/Mines | Found the Drone Emporium 237 | -10/Mines | Found Prototype Device 261 | -10/Mines | Excavation squad dispatched 261 | -10/Mines | A large section of the Mines collapsed 317 | -10/Mines | Build established: Mutant 442 | -10/Mines | Upgraded with Propulsion slot (x1) 472 | -10/Mines | Core integrity fell below 50% 523 | -10/Mines | Reached level 2 526 | -10/Mines | Upgraded with Propulsion slot (x1) 530 | -10/Mines | Identified Sensor Drone Bay 548 | -10/Mines | Entered Materials 550 | -9/Materials | Reached level 3 564 | -9/Materials | Upgraded with Propulsion slot (x1) 574 | -9/Materials | Core integrity fell below 50% 693 | -9/Materials | Discovered new exit (range 11) 694 | -9/Materials | Reached level 4 711 | -9/Materials | Upgraded with Utility slot (x1) 711 | -9/Materials | Upgraded with Weapon slot (x1) 730 | -9/Materials | Destroyed 8 combat bots 763 | -9/Materials | Reached level 5 833 | -9/Materials | Build established: Scavenger-Sprinter 835 | -9/Materials | Reached level 6 839 | -9/Materials | Upgraded with Power slot (x1) 839 | -9/Materials | Upgraded with Propulsion slot (x1) 839 | -9/Materials | Upgraded with Utility slot (x1) 948 | -9/Materials | First assault squad dispatched 1014 | -9/Materials | Reached level 7 1019 | -9/Materials | Upgraded with Weapon slot (x1) 1051 | -9/Materials | Destroyed 7 combat bots 1117 | -9/Materials | High security lockdown imminent 1123 | -9/Materials | Reached level 8 1148 | -9/Materials | Discovered new exit (range 18) 1197 | -9/Materials | High security lockdown engaged 1199 | -9/Materials | Discovered new exit (range 14) 1242 | -9/Materials | Build established: Sprinter 1252 | -9/Materials | Reached level 9 1256 | -9/Materials | Upgraded with Propulsion slot (x1) 1289 | -9/Materials | Destroyed 9 combat bots 1291 | -9/Materials | Sterilization system engaged 1291 | -9/Materials | Non-combat units ordered to evacuate 1320 | -9/Materials | Entered Mines 1321 | -9/Mines | Learned location of Storage (-8) 1328 | -9/Mines | Learned Materials terminal intel 1401 | -9/Mines | Discovered new exit (range 14) 1404 | -9/Mines | Joined a pair of Derelicts in attacking an 0b10 outpost 1405 | -9/Mines | Reached level 10 1423 | -9/Mines | Deemed a non-threat by the Exiles lab entrance 1423 | -9/Mines | Discovered new exit (range 5) 1435 | -9/Mines | Met a Derelict testing a Signal Generator 1436 | -9/Mines | Found Signal Generator 1462 | -9/Mines | Found a hidden stash of uninstalled traps 1557 | -9/Mines | Discovered new exit (range 8) 1573 | -9/Mines | Received a Rocket Launcher from a helpful Derelict 1586 | -9/Mines | A Derelict revealed a hidden shortcut to a safe place 1636 | -9/Mines | Entered Exiles 1642 | -9/Exiles | Met 8R-AWN 1645 | -9/Exiles | Met EX-HEX 1651 | -9/Exiles | Met EX-BIN 1653 | -9/Exiles | Aligned with FarCom system 1653 | -9/Exiles | Given EX-Vault access code 1658 | -9/Exiles | Opened EX-Vault 1660 | -9/Exiles | Found Longsword +1 1667 | -9/Exiles | Warned to stay clear of 0b10 Research branches 1672 | -9/Exiles | Met EX-DEC 1683 | -9/Exiles | Discovered new exit (range 10) 1685 | -9/Exiles | Left Exiles lab with Longsword +1 1685 | -9/Exiles | Entered Mines 1687 | -8/Mines | Discovered new exit (range 6) 1815 | -8/Mines | Reached level 11 1828 | -8/Mines | Upgraded with Propulsion slot (x1) 1852 | -8/Mines | Discovered new exit (range 10) 2004 | -8/Mines | Entered Materials 2005 | -8/Materials | Identified exit to Storage 2006 | -8/Materials | Loaded intel: 12 terminal locations 2006 | -8/Materials | Reached level 12 2075 | -8/Materials | Reached level 13 2079 | -8/Materials | Upgraded with Propulsion slot (x1) 2172 | -8/Materials | Core integrity fell below 50% 2266 | -8/Materials | Core integrity fell below 20% 2271 | -8/Materials | Discovered exit to Storage (range 15) 2282 | -8/Materials | Destroyed 7 combat bots 2299 | -8/Materials | Reached level 14 2301 | -8/Materials | Upgraded with Utility slot (x1) 2349 | -8/Materials | Destroyed 8 combat bots 2357 | -8/Materials | Discovered new exit (range 18) 2404 | -8/Materials | First assault squad dispatched 2414 | -8/Materials | High security lockdown imminent 2459 | -8/Materials | Destroyed 10 combat bots 2494 | -8/Materials | High security lockdown engaged 2547 | -8/Materials | Destroyed 9 combat bots 2592 | -8/Materials | Sterilization system engaged 2592 | -8/Materials | Non-combat units ordered to evacuate 2683 | -8/Materials | Reached level 15 2692 | -8/Materials | Combat units ordered to evacuate 2706 | -8/Materials | Destroyed 13 combat bots 2840 | -8/Materials | Entered Factory 2842 | -7/Factory | Upgraded with Utility slot (x1) 2860 | -7/Factory | Identified exit to DSF 2876 | -7/Factory | Identified exit to Factory 3003 | -7/Factory | Reached level 16 3014 | -7/Factory | Upgraded with Utility slot (x1) 3035 | -7/Factory | Build established: Scavenger-Sprinter 3039 | -7/Factory | System Shield fried by hacking feedback 3240 | -7/Factory | First assault squad dispatched 3317 | -7/Factory | Identified exit to Lower Caves 3391 | -7/Factory | Reached level 17 3424 | -7/Factory | Build established: Sprinter 3431 | -7/Factory | Upgraded with Utility slot (x1) 3788 | -7/Factory | Reached level 18 3929 | -7/Factory | Garrison activated, responded to threat 4176 | -7/Factory | Build established: Hacker-Sprinter 4268 | -7/Factory | Sucked down chute 4268 | -7/Factory | Entered Waste 4270 | -7/Waste | Found Prototype Launcher 4270 | -7/Waste | Identified Rocket Array 4273 | -7/Waste | Spotted C-40 Crusher 4277 | -7/Waste | Spotted C-40 Crusher 4277 | -7/Waste | Spotted C-40 Crusher 4277 | -7/Waste | Spotted C-40 Crusher 4277 | -7/Waste | Spotted C-40 Crusher 4283 | -7/Waste | EMP discharged 4283 | -7/Waste | Spotted C-40 Crusher 4284 | -7/Waste | Discovered new exit (range 18) 4308 | -7/Waste | Entered Factory 4437 | -7/Factory | Destroyed 7 combat bots 4438 | -7/Factory | Discovered exit to Factory (range 9) 4501 | -7/Factory | Central database locked down 4509 | -7/Factory | Crushed by falling debris 4510 | -7/Factory | Core integrity fell below 50% 4562 | -7/Factory | Repaired Biomechanical Wings 4638 | -7/Factory | Adv. System Shield fried by hacking feedback 4638 | -7/Factory | Hacking Suite fried by hacking feedback 4657 | -7/Factory | Hacking Suite fried by hacking feedback 4688 | -7/Factory | Lost 3 parts (3u) 4700 | -7/Factory | System corruption reached 10% 4701 | -7/Factory | Reached level 19 4708 | -7/Factory | First assault squad dispatched 4904 | -7/Factory | Destroyed 8 combat bots 5187 | -7/Factory | Destroyed 8 combat bots 5235 | -7/Factory | Identified exit to Garrison 5459 | -7/Factory | Discovered exit to Factory (range 14) 5537 | -7/Factory | Garrison activated, responded to threat 5588 | -7/Factory | Discovered exit to Factory (range 5) 5654 | -7/Factory | Entered Garrison 5655 | -7/Garrison | Triggered checkpoint 5734 | -7/Garrison | Triggered checkpoint 5777 | -7/Garrison | Reached level 20 5810 | -7/Garrison | Build established: Sprinter 5850 | -7/Garrison | Destroyed 10 combat bots 5871 | -7/Garrison | Rescued a captive Derelict 5879 | -7/Garrison | Discovered exit to Factory (range 9) 5896 | -7/Garrison | Triggered checkpoint 5925 | -7/Garrison | Destroyed 9 combat bots 5941 | -7/Garrison | Triggered checkpoint 6005 | -7/Garrison | Garrison Relay disabled 6019 | -7/Garrison | Triggered checkpoint 6060 | -7/Garrison | Triggered checkpoint 6093 | -7/Garrison | Discovered exit to Factory (range 10) 6096 | -7/Garrison | Triggered checkpoint 6129 | -7/Garrison | Garrison Relay disabled 6186 | -7/Garrison | Triggered checkpoint 6200 | -7/Garrison | Triggered checkpoint 6282 | -7/Garrison | Phase Generator disabled 6283 | -7/Garrison | Garrison Relay disabled 6320 | -7/Garrison | Garrison Relay disabled 6327 | -7/Garrison | Discovered exit to Factory (range 12) 6353 | -7/Garrison | Garrison Relay disabled 6422 | -7/Garrison | Attempted to access garrison exit controls, blocked by remote lockdown 6438 | -7/Garrison | Entered Factory 6439 | -6/Factory | Identified exit to DSF 6443 | -6/Factory | Upgraded with Utility slot (x1) 6519 | -6/Factory | Local machine network offline 6571 | -6/Factory | Discovered new exit (range 11) 6641 | -6/Factory | Discovered new exit (range 7) 6642 | -6/Factory | Identified exit to Factory 6643 | -6/Factory | Discovered new exit (range 4) 6650 | -6/Factory | Identified exit to Lower Caves 6679 | -6/Factory | Reached level 21 6722 | -6/Factory | Discovered exit to Factory (range 14) 6788 | -6/Factory | First assault squad dispatched 6879 | -6/Factory | High security lockdown imminent 6959 | -6/Factory | High security lockdown engaged 6984 | -6/Factory | Discovered exit to Lower Caves (range 16) 7082 | -6/Factory | Found Launcher Loader 7104 | -6/Factory | Garrison activated, responded to threat 7142 | -6/Factory | Spotted B-75 Beast 7156 | -6/Factory | Core integrity fell below 50% 7160 | -6/Factory | Destroyed B-75 Beast 7181 | -6/Factory | Reached level 22 7204 | -6/Factory | Upgraded with Propulsion slot (x1) 7321 | -6/Factory | Destroyed 14 combat bots 7693 | -6/Factory | Destroyed 19 combat bots 7776 | -6/Factory | Entered Lower Caves 7809 | -6/Lower Caves | Identified exit to Lower Caves 7828 | -6/Lower Caves | Met a Warlord Commander 7829 | -6/Lower Caves | Learned location of Warlord (-5) 7839 | -6/Lower Caves | Found Encrypted Comm Array 8067 | -6/Lower Caves | Learned Factory trap positions 8152 | -6/Lower Caves | Entered another Lower Caves area 8167 | -6/Lower Caves | Found Prototype Device 8173 | -6/Lower Caves | Identified Heart of Steel 8179 | -6/Lower Caves | Discovered exit to Factory (range 11) 8302 | -6/Lower Caves | Encountered a Warlord checkpoint 8371 | -6/Lower Caves | Build established: Scout 8435 | -6/Lower Caves | Attacked by a delusional Derelict stockpiling parts 8535 | -6/Lower Caves | Discovered new exit (range 15) 8550 | -6/Lower Caves | Entered Data Miner 8550 | -6/Data Miner | Discovered new exit (range 6) 8567 | -6/Data Miner | Data Conduit disabled 8584 | -6/Data Miner | Core integrity fell below 20% 8630 | -6/Data Miner | Found Prototype Device 8630 | -6/Data Miner | Identified Exp. Thermal Shield 8714 | -6/Data Miner | Entered Proximity Caves 8716 | -5/Proximity Caves | Reached level 23 8769 | -5/Proximity Caves | Attracted the attention of an 0b10 base 8780 | -5/Proximity Caves | Upgraded with Power slot (x1) 8805 | -5/Proximity Caves | Attracted the attention of an 0b10 checkpoint 8840 | -5/Proximity Caves | Destroyed 12 combat bots 8852 | -5/Proximity Caves | Learned 6 Lower Caves zone layouts 8852 | -5/Proximity Caves | Learned Research trap positions 8852 | -5/Proximity Caves | Learned Factory garrison access intel 8862 | -5/Proximity Caves | Spotted B-75 Beast 8872 | -5/Proximity Caves | Destroyed B-75 Beast 8893 | -5/Proximity Caves | Learned Factory garrison access intel 8894 | -5/Proximity Caves | Learned location of 1 exit from Factory 8899 | -5/Proximity Caves | Discovered exit to Factory (range 4) 8935 | -5/Proximity Caves | Build established: Scavenger-Scout 9020 | -5/Proximity Caves | Entered Factory 9021 | -5/Factory | Identified exit to Upper Caves 9022 | -5/Factory | Loaded intel: 75 trap records 9023 | -5/Factory | Loaded intel: 4 garrison access locations 9029 | -5/Factory | Identified exit to DSF 9029 | -5/Factory | Entered DSF 9031 | -5/DSF | Reached level 24 9047 | -5/DSF | Additional patrols routed to DSF 9049 | -5/DSF | Core integrity fell below 50% 9059 | -5/DSF | Core integrity fell below 20% 9080 | -5/DSF | Destroyed by H-66 Slayer with Heavy Assault Rifle Last Messages --------------- 09048_ Knocked back. 09056_ Cld. VTOL Module blasted off. 09056_ Knocked back. 09056_ Dropped Cld. Plasma Cannon. 09057_ Acquired Cld. VTOL Module. 09057_ Penetrated by Slug. 09058_ Knocked back. 09061_ Penetrated by Slug. 09063_ Upgraded: Core Integrity (+100) 09063_ Upgraded: Sensor Range (+2) 09063_ Upgraded: Terrain Scan Density (+100) 09063_ Upgraded: KI Damage % (+15) 09063_ Knocked back. 09067_ Penetrated by Slug. 09067_ Knocked back. 09068_ Acquired 1 matter. 09071_ Upgraded: Core Integrity (+100) 09074_ Penetrated by Slug. 09077_ Knocked back. 09079_ H-71 Marshal destroyed. Map ----- +----------------------------------------------------+ | ???????????????????????????????????????????????? | | ???????????????????????????????????????????????? | | ???????????????????????????????????????????????? | | ???????????????????#??#??#?##?#????????????????? | | ?????????????????????##??###???????????????????? | | ????????????????????#?######???#??#????????????? | | ????????????????###?? = ##?###?????????????? | | ????????????##? # #? =??######????????????? | | ????????????? ?? ?? #?####?##??????????? | | ?????????? ? ??? ? ####?#??#??#???????? | | ????????? ? ?# ?? ? ### ####?####?#?##???????? | | ????????? ##?? #?? ### #?????##?####?#??????? | | ????????? ?#??##?##?]] = ???#?##?###?##?????? | | ???????? #?#?##?#]] = ##???#??#??##??????? | | ???????# ? ???##### ] =??#?####?#??###?????? | | ??????##????###??##?### ####??##?#?######????? | | ??????#? ? ? ######?#]] !!##?###?#?#######???? | | ?????### ? ###?#??#]] !???#####?#?##?##????? | | ?????###? ? ?##??###]] !?###???###?#??#??#??? | | ?????#### ?########?## #?###############????? | | ????##? ? ## ? #!!!?## ###!!!#]]]##? #?##?? | | ??????#!! ## #!!!##A% A##!!!#]]]## ##???? | | ?????## ] ###??? | | ?????#? h !!!%% ##???? | | ?????#? %%!!% "?#??? | | ?????## ## #[[[##A@* A##!!!#///## #????? | | ????##? ?? ##? #[ ?##! ###!!!# /## ?##??#? | | ????##?#???#?##????#### ;#"######### ###????? | | ????#?####??#??#?####!! **###?###??! ###?##? | | ????##?##?#####?#?###!! **##??#### ! ###???? | | ????#########?#######!! **#######??! ?#????? | | ????##??###?#??##?##### ##;###??#### ##?????? | | ??????########?##?### #####??# ! !#?????? | | ?????????#####??#?### ######?# ! !#?????? | | ??????#?#?#?######### ""######## #?#?#??? | | ??????#?#?#?#?##???#### ### #!!### ###????? | | ?????????##?###??#?#### ### #!!## ""####?? | | ????????######?#?#### """""#?? | | ????????#??###?##?### ""#?"?#? | | ?????????#??##??#???#!!//// # #!!##"""""#????? | | ????????????#??#?##?#!!//^ #########"""""#????? | | ???????????#?#????############??#?#?##"#####??#? | | ???????????????##??##?#??#?????#?#???#"##?????#? | | ???????????#???##?##########???##????#""???????? | | ????????????????##???###??##?#?#?????###???????? | | ??????????????????#?##?????????????#???????????? | | ?????????????????????????#?????#???????????????? | | ?????????????????????????#???#????????#????#???# | | ????????????????????#???????#?????????##???????? | | | +----------------------------------------------------+ Best States ------------- Heat Dissipation 118 Energy Generation 55 Energy Capacity 550 Matter Stores 300 Matter Capacity 300 Sight Range 18 Robot Scan Range 20 Terrain Scan Range 20 Terrain Scan Density 310 Jamming Range 14 Additional Mass Support 9 Armor Coverage 600 Resistance: KI 20 Resistance: TH 30 Resistance: EM 25 Propulsion Shielding 66 Weapon Shielding 33 Weapon Cycling 15 Melee Speed Boost 50 Evasion (%) 78 Targeting Accuracy 20 Melee Accuracy 6 Target Analysis 6 Core Analysis 6 Armor Integrity Analysis 30 Particle Charging 25 Offensive Hacking 30 Defensive Hacking 14 Item Schematics ----------------- Hrd. Light Armor Plating | -8/Materials | Extracted EM Pulse Cannon | -8/Materials | Extracted Adv. Targeting Computer | -8/Materials | Extracted Field Recycling Unit | -8/Materials | Extracted VSS Leg | -8/Materials | Extracted Target Analyzer | -8/Materials | Extracted Hrd. Medium Armor Plating | -8/Materials | Extracted Lgt. EM Pulse Cannon | -8/Materials | Extracted Airjet | -8/Materials | Extracted Hvy. EM Pulse Gun | -8/Materials | Extracted Com. Matter Pod | -8/Materials | Extracted Lgt. Deuterium Engine | -8/Materials | Extracted ECM Suite | -8/Materials | Extracted Transport Network Coupler | -8/Materials | Extracted Shock Rifle | -8/Materials | Extracted Lgt. Fission Core | -7/Factory | Hacked Hardlight Generator | -7/Factory | Extracted Imp. Melee Analysis Suite | -7/Factory | Extracted Mining Claw | -7/Factory | Extracted System Restoration Module | -7/Factory | Extracted Com. Wheel | -7/Factory | Extracted Corruption Screen | -7/Factory | Extracted Imp. Trap Extractor | -7/Factory | Hacked Mic. Nuclear Core | -7/Factory | Extracted Prc. Assault Rifle | -7/Factory | Extracted Reactive Plating | -7/Factory | Extracted Plasma Rifle | -7/Factory | Hacked Imp. Heat Sink | -7/Factory | Extracted Matter Filter | -7/Factory | Extracted Microactuators | -7/Factory | Extracted Hvy. Particle Cannon | -7/Factory | Extracted Enh. Nuclear Core | -7/Factory | Extracted Gauss Cannon | -7/Factory | Extracted Power Maul | -7/Factory | Extracted Reaction Control System | -7/Factory | Extracted Propulsion Shielding | -7/Factory | Extracted Shield Generator | -7/Factory | Extracted Force Booster | -7/Factory | Extracted Wheel | -7/Factory | Extracted Ion Cannon | -7/Factory | Extracted Point Defense System | -7/Factory | Hacked Imp. Medium Armor Plating | -7/Factory | Extracted Adv. Assault Cannon | -7/Factory | Extracted Katana | -7/Factory | Extracted Robot Schematics ------------------ None Fabricated ------------ Nothing Alien Tech Used ----------------- None Achievements -------------- None Challenges ------------ None RPGLIKE | -11 -10 -10 -9 -9 -9 -8 -8 -7 -7 -7 -7 -6 -6 -6 -6 -5 -5 -5 --------- Run | Jun Mat Min Mat Min Exi Min Mat Fac Was Fac Gar Fac Low Low Dat Pro Fac DSF Levels Raised 23 | . . 1 7 1 . 1 4 3 . 1 1 2 . . . 1 . 1 XP Earned 37516 | 3000 . 1500 10978 1231 117 2295 5069 5096 32 2029 634 3751 57 151 57 830 376 313 XP Spent 37245 | . . 4050 10460 800 . 2500 4060 5790 . 750 . 5900 190 . . 800 . 1945 Upgrades 60 | . . 7 21 1 . 2 5 6 . 1 . 4 3 . . 1 . 9 Power Slot 2 | . . . 1 . . . . . . . . . . . . 1 . . Propulsion Slot 9 | . . 3 3 . . 1 1 . . . . 1 . . . . . . Utility Slot 7 | . . . 2 . . . 1 3 . . . 1 . . . . . . Weapon Slot 2 | . . . 2 . . . . . . . . . . . . . . . Core Integrity 6 | . . . . . . . 2 . . . . . . . . . . 4 Heat Dissipation 11 | . . . 8 . . . . 3 . . . . . . . . . . Mass Support 2 | . . . . . . . . . . . . 2 . . . . . . Inventory Capacity 3 | . . 2 . . . . . . . 1 . . . . . . . . Sight Range 2 | . . . 2 . . . . . . . . . . . . . . . Sensor Range 2 | . . . . . . . . . . . . . 1 . . . . 1 Terrain Scan Density 3 | . . . . . . . . . . . . . 2 . . . . 1 Ranged Accuracy 2 | . . 2 . . . . . . . . . . . . . . . . Melee Accuracy 2 | . . . . . . 1 1 . . . . . . . . . . . KI Damage % 3 | . . . . . . . . . . . . . . . . . . 3 TH Damage % 3 | . . . 2 1 . . . . . . . . . . . . . . EX Damage % 1 | . . . 1 . . . . . . . . . . . . . . . Protomatter Created 4937 | . . 74 445 149 . 106 839 823 . 908 345 596 51 115 248 238 . . Integrity Restored 10820 | . . 276 1113 380 . 272 1494 1245 . 2035 926 1113 153 488 744 581 . . Core 9208 | . . 276 1113 270 . 99 1486 923 . 1796 704 1002 153 218 744 424 . . Parts 1612 | . . . . 110 . 173 8 322 . 239 222 111 . 270 . 157 . . Protomatter Decayed 1441 | . . . 155 21 . 6 247 359 . 18 177 402 . . . 56 . . Game ------ Seed AblativeImpactGenerator Manual? 1 Play Time 03:43:40 Cumulative 476.6 hours Start 2023.03.15 @ 05:13:37 End 2023.03.15 @ 10:30:23 Sessions 3 Manual Loads 0 Difficulty Rogue Special Mode Winter2019/RPGLIKE Game No. 517 Rogue 517 Adventurer 0 Explorer 0 Win Type - Total 1 Types 1/0/0/0/0/0/0/0/0 Lore% 61 Gallery% 81 Achievement% 65 Wizard Run 0 Options --------- ASCII 0 Keyboard 0 Movement Mouse Keybinds 0 Fullscreen 2 Font 24/Smallcaps Map View 76x50 Tactical HUD 1 Map Filters NONE Filters NONE Steam 1 RUN: 5b1cd5f0-eacc-432a-b64a-8cd9ba0c5903